 Dungeon Crawl Stone Soup version 0.29-a0-477-g62b78b4225 (webtiles) character file.

Game seed: 2618682384004316915

370 Morbidden the Ogre Mage (level 6, -1/78 HPs)
             Began as an Ogre Air Elementalist on May 25, 2022.
             Succumbed to a scorpion's poison
             ... on level 3 of the Dungeon.
             The game lasted 00:06:46 (4447 turns).

Morbidden the Ogre Mage (Ogre Air Elementalist)     Turns: 4447, Time: 00:06:47

Health: -1/78      AC:  2    Str: 13    XL:     6   Next: 70%
Magic:  1/12       EV: 10    Int: 24    God:
Gold:   175        SH:  0    Dex:  9    Spells: 6/13 levels left

rFire   + . .      SeeInvis .     - Unarmed
rCold   . . .      Faith    .   m - orb {light}
rNeg    . . .      Spirit   .   a - +0 robe
rPois   .          Reflect  .   (helmet restricted)
rElec   .          Harm     .   (no cloak)
rCorr   .          Rampage  .   (gloves unavailable)
Will    .....                   (boots unavailable)
Stlth   ..........              (no amulet)
HPRegen 0.23/turn               t - +6 ring of intelligence
MPRegen 0.13/turn               (no ring)

@: mighty, berserking (expiring), lethally poisoned (-1 -> -13), glowing, very
quick
A: large, unfitting armour, tough skin 1, deformed body, fire resistance 1,
frail 1, MP-powered wands
a: no special abilities


You were on level 3 of the Dungeon.
You visited 1 branch of the dungeon, and saw 3 of its levels.

You collected 175 gold pieces.

Inventory:

Missiles
 d - a throwing net
Armour
 a - a +0 robe (worn)
 m - an orb of light (worn)
Jewellery
 t - a +6 ring of intelligence (left hand)
Scrolls
 c - a scroll of silence {unknown}
 f - a scroll of amnesia {unknown}
 g - 2 scrolls of fog {unknown}
 i - a scroll of poison {unknown}
 k - 2 scrolls of immolation {unknown}
 n - a scroll of brand weapon {unknown}
 q - 2 scrolls of enchant weapon {unknown}
 s - a scroll of noise {unknown}
 u - 2 scrolls of identify {unknown}
 w - a scroll of blinking {unknown}
 x - 2 scrolls of magic mapping {unknown}
 y - 2 scrolls of enchant armour {unknown}
Potions
 b - a potion of magic
 e - 3 potions of mutation
 l - a potion of heal wounds {unknown}
 o - a potion of cancellation {unknown}
 r - a potion of haste {unknown}
 v - a potion of flight {unknown}
 z - a potion of lignification {unknown}


   Skills:
 * Level 2.3 Fighting
 * Level 2.6 Dodging
 + Level 1.5 Stealth
 * Level 1.7 Unarmed Combat
 * Level 4.1 Spellcasting
 * Level 2.7 Conjurations
 * Level 0.6 Ice Magic
 * Level 3.8 Air Magic


You had 6 spell levels left.
You knew the following spells:

 Your Spells              Type           Power      Damage    Failure   Level
a - Shock                 Conj/Air       80%        1d8       2%          1
b - Static Discharge      Conj/Air       20%        N/A       3%          2
c - Ice Form              Ice/Tmut       6%         N/A       63%         4

Your spell library contained the following spells:

 Spells                   Type           Power      Damage    Failure   Level
 Swiftness                Air            23%        N/A       6%          3
 Sublimation of Blood     Necr           4%         N/A       14%         2
 Airstrike                Air            11%        N/A       21%         4
 Hailstorm                Conj/Ice       13%        3d5       43%         4
 Petrify                  Tmut/Erth      4%         N/A       67%         4
 Irradiate                Conj/Tmut      5%         3d15      83%         5
 Simulacrum               Ice/Necr       3%         N/A       100%        6


Dungeon Overview and Level Annotations

Branches:
Dungeon (3/15)

Altars:
Hepliaklqana


Innate Abilities, Weirdness & Mutations

You are too large for most types of armour.
You have tough skin. (AC +1)
Armour fits poorly on your strangely shaped body.
Your flesh is heat resistant. (rF+)
You are frail. (-10% HP)
You expend magic power (3 MP) to strengthen your wands.


Message History

The scorpion stings you.
* * * LOW HITPOINT WARNING * * *
You are poisoned.
The scorpion poisons you!
Unknown command.
Unknown command.
You feel better. The scorpion closely misses you. The scorpion stings you!
* * * LOW HITPOINT WARNING * * *
You are lethally poisoned!
The scorpion poisons you!
Unknown command.
Unknown command.
It was a potion of berserk rage.
A red film seems to cover your vision as you go berserk!
You feel yourself moving faster!
You feel mighty!
* * * LOW HITPOINT WARNING * * *
You feel very sick. The scorpion misses you.
Unknown command.
Unknown command.
You punch the scorpion!
The scorpion is heavily wounded.
You feel sick. The scorpion barely misses you.
Unknown command.
You hit the scorpion.
The scorpion is severely wounded.
You feel sick.
You barely miss the scorpion.
The scorpion is severely wounded.
You feel sick. The scorpion stings you.
* * * LOW HITPOINT WARNING * * *
You are more poisoned.
The scorpion poisons you!
You punch the scorpion!
You kill the scorpion!
* * * LOW HITPOINT WARNING * * *
You feel sick.
Your Spellcasting skill increases to level 4!
Unknown command.
You die...

####.#####'## #......
####.......)os[# #......
#....##.######.# #......
###....##.# #.# #......
#.+....##.# #.# #.....#
#.#....##.###
#.#####.....#
#.##.#......#
#.........###
#.........#)# #########.#
####.....##@# #.#
#§#.#.##.# #.# #§###.##)#
#.### ##§##.....# #....
#...#.####################
#._.#...................#
#...###################.#
##### #.# #.#


There were no monsters in sight!

Vanquished Creatures
  A scorpion (D:3)
  2 orc priests (D:3)
  Terence (D:2)
  A scorpion zombie (D:2)
  An orc wizard (D:3)
  A gnoll (D:2)
  5 adders (D:2)
  3 worms
  5 dart slugs
  8 orcs (D:3)
  11 ball pythons
  A bat zombie (D:2)
  4 endoplasms
  A giant cockroach (D:2)
  5 hobgoblins
  4 jackals (D:3)
  8 kobolds
  4 quokkas
  10 bats
  2 frilled lizards (D:2)
  14 goblins
  6 rats
98 creatures vanquished.

Vanquished Creatures (others)
  A withered plant (D:2)
1 creature vanquished.

Grand Total: 99 creatures vanquished

Notes
Turn   | Place    | Note
-------+----------+-------------------------------------------
     0 | D:1      | Morbidden the Ogre Air Elementalist began the quest for the
                  | Orb.
     0 | D:1      | Reached XP level 1. HP: 16/16 MP: 3/3
     7 | D:1      | Reached skill level 1 in Conjurations
   596 | D:1      | Reached XP level 2. HP: 22/26 MP: 0/5
   884 | D:1      | HP: 1/23 [hobgoblin (2)]
   886 | D:1      | Reached XP level 3. HP: 2/29 MP: 0/7
  1338 | D:1      | Learned a level 2 spell: Static Discharge
  1396 | D:1      | Reached skill level 1 in Fighting
  1878 | D:2      | Reached XP level 4. HP: 41/41 MP: 1/8
  2133 | D:2      | Noticed Terence
  2171 | D:2      | Killed Terence
  2172 | D:2      | Reached skill level 3 in Spellcasting
  2412 | D:2      | Reached skill level 1 in Unarmed Combat
  2457 | D:2      | Reached XP level 5. HP: 40/49 MP: 1/9
  3328 | D:2      | Learned a level 4 spell: Ice Form
  3702 | D:3      | Found a hazy altar of Hepliaklqana.
  3788 | D:3      | Reached XP level 6. HP: 57/57 MP: 5/11
  4433 | D:3      | Gained mutation: Armour fits poorly on your strangely
                  | shaped body. [potion of mutation]
  4433 | D:3      | Gained mutation: You expend magic power (3 MP) to
                  | strengthen your wands. [potion of mutation]
  4433 | D:3      | Gained mutation: You are frail. (-10% HP) [potion of
                  | mutation]
  4433 | D:3      | Gained mutation: Your flesh is heat resistant. (rF+)
                  | [potion of mutation]
  4445 | D:3      | HP: 3/76 [scorpion (5)]
  4446 | D:3      | HP: 1/76 [poisoned by a scorpion]
  4447 | D:3      | Reached skill level 4 in Spellcasting
  4447 | D:3      | Succumbed to a scorpion's poison

Illustrated notes

Levels and vault maps discovered:
D:1:      grunt_arrival_lava_bath, layout_rooms, st_stairs_5,
          minmay_misc_feat_cross, chequers_decorated_corner, minmay_ruptured
D:2:      minmay_thinvault, layout_rooms, serial_undead, serial_undead_c,
          serial_undead_e, serial_undead_c, serial_undead_d, uniq_terence
D:3:      minmay_chambers_of_threes, layout_basic, nzn_hepliaklqana_mist_gate

Skill      XL: |  1  2  3  4  5  6 |
---------------+-------------------+-----
Conjurations   | 1 2 |  2.7
Dodging        | 2 |  2.6
Air Magic      | 3 |  3.8
Fighting       | 1 2 |  2.3
Spellcasting   | 3 4 |  4.1
Unarmed Combat | 1 |  1.7
Stealth        | |  1.5
Ice Magic      | |  0.6

Action                   |  1- 3 |  4- 6 || total
-------------------------+-------+-------++-------
Melee: Unarmed           |    51 |    19 ||    70
 Cast: Shock             |    78 |   130 ||   208
       Static Discharge  |       |     3 ||     3
  Use: Potion            |       |     6 ||     6
Armor: Robe              |    36 |     5 ||    41
Dodge: Dodged            |    63 |    21 ||    84

Table legend: (Time is in decaauts)
 A = Elapsed time spent in this place.
 B = Non-inter-level travel time spent in this place.
 C = Inter-level travel time spent in this place.
 D = Time resting spent in this place.
 E = Time spent auto-exploring this place.
 F = Levels seen in this place.
 G = Mean time per level.
                   A        B        C        D        E       F      G
               +--------+--------+--------+--------+--------+-----+--------+
         Total |   4444 |   4426 |     18 |    531 |   3152 |   3 | 1481.3 |
       Dungeon |   4444 |   4426 |     18 |    531 |   3152 |   3 | 1481.3 |
               +--------+--------+--------+--------+--------+-----+--------+

Top non-repeatable levels by time:
     D:2: 1849 daAuts
     D:1: 1699 daAuts
     D:3: 895 daAuts
